 Dungeon Crawl Stone Soup version 0.30-a0-937-ga0a21ad780 (webtiles) character file.

Game seed: 7995249603394421985

392 cforsyth the Ogre Mage (level 6, -18/53 HPs)
             Began as an Ogre Air Elementalist on Mar 24, 2023.
             Demolished by an ogre
             ... wielding a +0 giant spiked club
              (25 damage)
             ... on level 5 of the Dungeon.
             The game lasted 00:14:14 (7502 turns).

cforsyth the Ogre Mage (Ogre Air Elementalist)      Turns: 7502, Time: 00:14:14

Health: -18/53     AC:  4    Str: 15    XL:     6   Next: 80%
Magic:  8/14       EV:  9    Int: 18    God:
Gold:   167        SH:  5    Dex:  9    Spells: 6/16 levels left

rFire   . . .      SeeInvis .    (no weapon)
rCold   + . .      Faith    .    (no shield)
rNeg    + . .      Spirit   .    b - +0 robe "Faxot" {Harm rElec rN+ Str+2}
rPois   +          Reflect  +    (helmet restricted)
rElec   +          Rampage  .    j - +0 cloak
rCorr   .          Harm     + .  (gloves unavailable)
Will    .....                    (boots unavailable)
Stlth   +                        t - amulet of reflection
HPRegen 0.28/turn                i - ring of poison resistance
MPRegen 0.14/turn                s - ring of protection from cold

@: no status effects
A: large, unfitting armour, tough skin 1
a: no special abilities


You were on level 5 of the Dungeon.
You visited 1 branch of the dungeon, and saw 7 of its levels.
You also visited: Ossuary.

You collected 167 gold pieces.

Inventory:

Hand Weapons
 d - the +8 trident "Xeewk" {freeze, rPois rF+ Int-5 Dex+3}
   (You found it on level 5 of the Dungeon)

   Int:       It affects your intelligence (-5).
   Dex:       It affects your dexterity (+3).
   rF:        It protects you from fire.
   rPois:     It protects you from poison.
Armour
 a - a +0 robe
 b - the +0 robe "Faxot" (worn) {Harm rElec rN+ Str+2}
   (You found it in an ossuary)

   Str:       It affects your strength (+2).
   rElec:     It insulates you from electricity.
   rN:        It protects you from negative energy.
   Harm:      It increases damage dealt and taken.
 j - a +0 cloak (worn)
Jewellery
 i - a ring of poison resistance (left hand)
 s - a ring of protection from cold (right hand)
 t - an amulet of reflection (around neck)
Scrolls
 c - a scroll of brand weapon {unknown}
 q - a scroll of fog
Potions
 e - 4 potions of curing
 f - a potion of cancellation {unknown}
 g - a potion of resistance
 h - 4 potions of flight {unknown}
 k - a potion of might {unknown}
 n - a potion of ambrosia {unknown}
 r - a potion of brilliance {unknown}


   Skills:
 - Level 1.7 Dodging
 - Level 1.4 Stealth
 + Level 5.7 Spellcasting
 - Level 0.8 Conjurations
 + Level 5.1 Air Magic


You had 6 spell levels left.
You knew the following spells:

 Your Spells              Type           Power      Damage    Failure   Level
a - Shock                 Conj/Air       64%        1d7       3%          1
b - Static Discharge      Conj/Air       32%        2-4/arc   5%          2
c - Swiftness             Air            23%        N/A       4%          3
d - Airstrike             Air            11%        2d(2-18)  16%         4

Your spell library contained the following spells:

 Spells                   Type           Power      Damage    Failure   Level
 Beastly Appendage        Tmut           10%        N/A       12%         1
 Wereblood                Tmut           5%         N/A       19%         2
 Spider Form              Tmut/Pois      5%         N/A       36%         3
 Summon Guardian Golem    Hex/Summ       5%         N/A       36%         3
 Orb of Destruction       Conj           4%         9d5       100%        7
 Spellforged Servitor     Conj/Summ      3%         N/A       100%        7


Dungeon Overview and Level Annotations

Branches:
Dungeon (7/15)            Ossuary (visited)
 Temple: D:4-7

Altars:
Hepliaklqana


Innate Abilities, Weirdness & Mutations

You are too large for most types of armour.
You have tough skin. (AC +1)


Message History

That beam is likely to hit you.
Continue anyway?
The zap hits the ogre.
The ogre is lightly wounded.
The zap hits the ogre.
The ogre is moderately wounded.
The zap hits you. You resist.
Unknown command.
That beam is likely to hit you.
Continue anyway?
The zap hits the ogre.
The ogre is heavily wounded.
The zap hits the ogre.
The ogre is severely wounded.
The zap hits you. You resist.
The ogre hits you with a +0 giant spiked club!!
That beam is likely to hit you.
Continue anyway?
The zap misses the ogre. x2; The zap hits you.
You resist.
The ogre hits you with a +0 giant spiked club!!
* * * LOW HITPOINT WARNING * * *
Casting: Shock (safe; 3% risk of failure)
Confirm with . or Enter, or press ? or * to list all spells.
You can't see any susceptible monsters within range! (Use Z to cast anyway.)
You are too injured to fight recklessly!
Casting: Shock (safe; 3% risk of failure)
Confirm with . or Enter, or press ? or * to list all spells.
Aiming: Shock (safe; 3% risk of failure)
Press: ? - help, Shift-Dir - straight line, f/p - ogre
Aim: an ogre, wielding a +0 giant spiked club (severely wounded, 86% to hit)
The zap hits the ogre.
The ogre is severely wounded.
Unknown command.
Casting: Shock (safe; 3% risk of failure)
Confirm with . or Enter, or press ? or * to list all spells.
The ogre is struck by an arc of lightning.
The ogre is severely wounded.
You resist.
You are struck by an arc of lightning.
The ogre is struck by an arc of lightning.
The ogre is almost dead.
The lightning grounds out.
The ogre hits you with a +0 giant spiked club!!
You die...

#..######## #.
#.......<..# #.
#..####.###.######
#. #......#
#.....# #.
######.####.#
#.....##########.
..)....# #.#
##.###............
.#####.# #.###.##
#..#########.
##.######...###
##+# #......
#..........O@.#
... ######.
#..############
♣...♣ #. #..#
..... #. ....#
.♣c..♣. #. ###.!#
.......#......
.#.# # ♣...♣
######. .###. #. #
# #. #.


You could see an ogre.

Vanquished Creatures
  A phantom (D:4)
  2 centaur zombies (Ossuary)
  A human zombie (Ossuary)
  A hound (D:3)
  An iguana (D:4)
  2 mummies (Ossuary)
  4 adders
  An adder zombie (Ossuary)
  3 orcs
  7 ball pythons
  7 endoplasms
  10 giant cockroaches
  4 hobgoblins
  4 jackals (D:1)
  8 kobolds
  A quokka (D:1)
  5 bats
  4 frilled lizards (D:2)
  12 goblins
  3 goblin zombies
  6 hobgoblin zombies (Ossuary)
  2 jackal zombies (Ossuary)
  9 kobold zombies (Ossuary)
  14 orc zombies (Ossuary)
  5 rats
  A rat zombie (Ossuary)
118 creatures vanquished.

Notes
Turn   | Place    | Note
-------+----------+-------------------------------------------
     0 | D:1      | cforsyth the Ogre Air Elementalist began the quest for the
                  | Orb.
     0 | D:1      | Reached XP level 1. HP: 16/16 MP: 3/3
   495 | D:1      | Reached XP level 2. HP: 24/24 MP: 2/5
   692 | D:1      | Found a faded altar of an unknown god.
  1169 | D:1      | Reached XP level 3. HP: 31/31 MP: 2/7
  2127 | D:2      | Reached XP level 4. HP: 39/39 MP: 1/9
  2585 | D:3      | Found a hazy altar of Hepliaklqana.
  3773 | D:4      | Reached XP level 5. HP: 45/45 MP: 8/11
  3917 | D:4      | Noticed a phantom
  4769 | D:4      | Killed a phantom
  4770 | D:4      | Reached skill level 5 in Spellcasting
  4770 | D:4      | Reached XP level 6. HP: 53/53 MP: 5/13
  4855 | D:4      | You fall into a shaft and drop 3 floors!
  4857 | D:6      | Noticed a sky beast
  4860 | D:7      | Noticed a gargoyle
  4916 | D:5      | Entered Level 5 of the Dungeon
  4954 | D:5      | Identified the +8 trident "Xeewk" {freeze, rPois rF+ Int-5
                  | Dex+3}
  5000 | D:5      | Noticed a yak
  5055 | D:5      | Found a sand-covered staircase.
  5062 | Ossuary  | Entered an ossuary
  5645 | Ossuary  | Learned a level 2 spell: Static Discharge
  5649 | Ossuary  | Learned a level 3 spell: Swiftness
  5654 | Ossuary  | Learned a level 4 spell: Airstrike
  6971 | Ossuary  | Reached skill level 5 in Air Magic
  7372 | Ossuary  | Identified the +0 robe "Faxot" {Harm rElec rN+ Str+2}
  7502 | D:5      | Demolished by an ogre

Illustrated notes

Levels and vault maps discovered:
D:1:      heliophobic_arrival_battle_scene, layout_loops_corners,
          basic_ecumenical_altar, minmay_misc_feat_plants
D:2:      layout_rooms, minmay_box_of_dots
D:3:      layout_basic, old_standard_altar, hangedman_glass_teeth
D:4:      layout_basic, minmay_misc_feat_secret_circle
D:5:      layout_loops_ring, temple_green, enter_ossuary_4, grunt_ministairs_3
D:6:      layout_loops_ring, grunt_ministairs_10, uniq_sigmund
D:7:      layout_basic, uniq_prince_ribbit1

Skill      XL: |  1  2  3  4  5  6 |
---------------+-------------------+-----
Air Magic      | 3 4 5 |  5.1
Spellcasting   | 3 4 5 |  5.7
Dodging        | |  1.7
Stealth        | |  1.4
Conjurations   | |  0.8

Action                     |  1- 3 |  4- 6 || total
---------------------------+-------+-------++-------
  Melee: Unarmed           |    48 |     7 ||    55
         Trident           |       |     6 ||     6
   Cast: Shock             |    89 |   231 ||   320
         Static Discharge  |       |     5 ||     5
    Use: Scroll            |       |     9 ||     9
         Potion            |       |     1 ||     1
 Armour: Robe              |    23 |    18 ||    41
  Dodge: Dodged            |    33 |    31 ||    64
  Block: Other             |       |    15 ||    15
         Reflection        |       |     1 ||     1

Table legend: (Time is in decaauts)
 A = Elapsed time spent in this place.
 B = Non-inter-level travel time spent in this place.
 C = Inter-level travel time spent in this place.
 D = Time resting spent in this place.
 E = Time spent auto-exploring this place.
 F = Levels seen in this place.
 G = Mean time per level.
                   A        B        C        D        E       F      G
               +--------+--------+--------+--------+--------+-----+--------+
         Total |   7502 |   7400 |    102 |   1988 |   4002 |   8 |  937.8 |
       Dungeon |   5134 |   5032 |    102 |    228 |   3980 |   7 |  733.4 |
       Ossuary |   2367 |   2367 |      0 |   1760 |     22 |   1 | 2367.0 |
               +--------+--------+--------+--------+--------+-----+--------+

Top non-repeatable levels by time:
 Ossuary: 2367 daAuts
     D:1: 1509 daAuts
     D:3: 1367 daAuts
     D:2: 1042 daAuts
     D:4: 935 daAuts
     D:5: 218 daAuts
     D:6: 47 daAuts
     D:7: 14 daAuts
